 Dungeon Crawl Stone Soup version 0.29.0 (webtiles) character file.

Game seed: 11725309527613688559

5730 NinjaNoafa the Grave Robber (level 10, -23/67 HPs)
             Began as a Demonspawn Necromancer on Aug 24, 2022.
             Was an Elder of Nemelex Xobeh.
             Annihilated by Gastronok (34 damage)
             ... on level 8 of the Dungeon.
             The game lasted 00:41:39 (9648 turns).

NinjaNoafa the Grave Robber (DsNe)                  Turns: 9648, Time: 00:41:40

Health: -23/67     AC: 11    Str:  8    XL:     10   Next: 48%
Magic:  9/17       EV: 15    Int: 21    God:    Nemelex Xobeh [****..]
Gold:   384        SH: 11    Dex: 14    Spells: 15/19 levels left

rFire   x . .      SeeInvis .   y - +3 rapier (elec)
rCold   + . .      Faith    +   q - +1 kite shield
rNeg    . . .      Spirit   .   I - +1 steam dragon scales
rPois   .          Reflect  .   (helmet restricted)
rElec   .          Harm     .   J - +0 cloak
rCorr   .          Rampage  .   (no gloves)
Will    .....                   G - +0 pair of boots
Stlth   ++........              F - amulet of faith
HPRegen 0.21/turn               i - ring of ice
MPRegen 0.15/turn               a - +4 ring of evasion

@: mighty, slowed, very slow
A: horns 2, molten scales 1, ignite blood 1, spiny 2
a: Renounce Religion, Draw Escape, Draw Destruction, Draw Summoning, Triple
Draw, Deal Four


You were on level 8 of the Dungeon.
You worshipped Nemelex Xobeh.
Nemelex Xobeh was greatly pleased with you.
You visited 2 branches of the dungeon, and saw 9 of its levels.
You also visited: Ossuary.

You collected 440 gold pieces.
You spent 56 gold pieces at shops.

Inventory:

Hand Weapons
 y - a +3 rapier of electrocution (weapon)
Missiles
 f - 80 stones
 j - 12 boomerangs
 o - 20 poisoned darts
 z - a throwing net
Armour
 q - a +1 kite shield (worn)
 G - a +0 pair of boots (worn)
 I - +1 steam dragon scales (worn)
 J - a +0 cloak (worn)
Magical Staves
 A - a staff of poison
Jewellery
 a - a +4 ring of evasion (right hand)
 i - a ring of ice (left hand)
 F - an amulet of faith (around neck)
Wands
 e - a wand of flame (4)
 k - a wand of acid (10)
 E - a wand of digging (9)
Scrolls
 b - 2 scrolls of identify
 d - 2 scrolls of vulnerability
 h - 5 scrolls of immolation
 l - 3 scrolls of silence
 w - 2 scrolls of fog
 C - a scroll of magic mapping
 K - a scroll of teleportation {unknown}
Potions
 c - 3 potions of lignification
 g - 2 potions of curing
 m - 2 potions of haste
 n - 2 potions of berserk rage
 p - a potion of ambrosia {unknown}
 r - 4 potions of heal wounds
 s - 2 potions of degeneration
 t - 3 potions of cancellation {unknown}
 v - 2 potions of mutation {unknown}
 x - a potion of resistance
 B - 2 potions of magic
 H - a potion of attraction {unknown}


   Skills:
 - Level 2.0 Fighting
 + Level 1.8 Short Blades
 + Level 3.6 Armour
 + Level 3.6 Dodging
 - Level 3.0 Stealth
 - Level 7.0 Shields
 - Level 5.0 Spellcasting
 - Level 5.0 Hexes
 + Level 7.4 Necromancy
 - Level 3.3 Poison Magic
 - Level 7.0 Invocations
 - Level 4.0 Evocations


You had 15 spell levels left.
You knew the following spells:

 Your Spells              Type           Power      Damage    Failure   Level
a - Necrotise             Necr           100%       1d9       1%          1
b - Vampiric Draining     Necr           36%        2d8       4%          3

Your spell library contained the following spells:

 Spells                   Type           Power      Damage    Failure   Level
 Confusing Touch          Hex            26%        N/A       11%         3
 Tukima's Dance           Hex            26%        N/A       11%         3
 Animate Dead             Necr           36%        N/A       13%         4
 Ensorcelled Hibernation  Hex/Ice        46%        N/A       16%         2
 Agony                    Necr           36%        N/A       36%         5
 Blink                    Tloc           10%        N/A       38%         2
 Passwall                 Tmut/Erth      4%         N/A       38%         2
 Ignite Poison            Fire/Tmut/Pois 9%         N/A       47%         3
 Conjure Flame            Conj/Fire      5%         6-21      63%         3
 Swiftness                Air            5%         N/A       63%         3
 Passage of Golubria      Tloc           5%         N/A       95%         4
 Sticky Flame             Conj/Fire      5%         2d3       95%         4
 Yara's Violent Unravell  Hex/Tmut       7%         3d5       95%         5
 Manifold Assault         Tloc           5%         N/A       100%        5
 Enfeeble                 Hex            13%        N/A       100%        7
 Storm Form               Tmut/Air       2%         N/A       100%        7


Dungeon Overview and Level Annotations

Branches:
Dungeon (8/15)             Temple (1/1) D:6         Ossuary (visited)
   Lair: D:8-11

Altars:
Ashenzari
Cheibriados
Dithmenos
Fedhas
Gozag
Hepliaklqana
Kikubaaqudgha
Makhleb
Nemelex Xobeh
Okawaru
Qazlal
Ru
Sif Muna
Trog
Uskayaw
Vehumet
Wu Jian
Xom
Yredelemnul

Shops:
D:4 !   D:5 (([   D:8 *

Portals:
Abyss: D:5

Annotations:
D:3 Natasha
D:4 3 runed translucent doors, NinjaNoafa's ghost, amateur HOMo
D:5 2 transporters, GigaChad's ghost, amateur MiFi
D:8 Gastronok


Innate Abilities, Weirdness & Mutations

You have a pair of horns on your head.
You are partially covered in molten scales. (AC +2)
Your demonic aura sometimes causes spilled blood to erupt in flames.
You are mostly covered in sharp spines.


Message History

The rat bites you but does no damage. You block Gastronok's attack.
Casting: Necrotise (safe; 1% risk of failure)
Confirm with . or Enter, or press ? or * to list all spells.
Aiming: Vampiric Draining (dangerous; 4% risk of failure)
Press: ? - help, Shift-Dir - straight line, f/p - Gastronok
Aim: Gastronok, wearing the +3 hat of Pondering {ponderous, Will+ MP+10 Int+5} (black smoke, moderately wounded, covering ground quickly)
You draw life force from Gastronok!
You feel life coursing into your body. The rat is struck by your spines.
You kill the rat!
The rat's corpse disappears in a puff of smoke!
Gastronok bites you!!
Ouch! That really hurt!
* * * LOW HITPOINT WARNING * * *
Casting: Vampiric Draining (dangerous; 4% risk of failure)
Confirm with . or Enter, or press ? or * to list all spells.
Aiming: Vampiric Draining (dangerous; 4% risk of failure)
Press: ? - help, Shift-Dir - straight line, f/p - Gastronok
Aim: Gastronok, wearing the +3 hat of Pondering {ponderous, Will+ MP+10 Int+5} (heavily wounded, covering ground quickly)
You draw life force from Gastronok.
You feel life coursing into your body.
Casting: Vampiric Draining (dangerous; 4% risk of failure)
Confirm with . or Enter, or press ? or * to list all spells.
Aiming: Vampiric Draining (dangerous; 4% risk of failure)
Press: ? - help, Shift-Dir - straight line, f/p - Gastronok
Aim: Gastronok, wearing the +3 hat of Pondering {ponderous, Will+ MP+10 Int+5} (heavily wounded, covering ground quickly)
You draw life force from Gastronok!
You feel life coursing into your body.
You float gracefully downwards.
Gastronok sloshes about.
Gastronok waves his eye-stalks in wide circles.
The air twists around and strikes you!!
* * * LOW HITPOINT WARNING * * *
You feel very mighty all of a sudden. Gastronok is struck by your spines.
Gastronok bites you but does no damage.
You puncture Gastronok!
Gastronok is severely wounded.
Gastronok is struck by your spines. Gastronok bites you.
* * * LOW HITPOINT WARNING * * *
You feel better. Gastronok bites you!!
Ouch! That really hurt!
You die...
Your body glows with a rainbow of weird colours and disappears.

#.....####....>#.. #...
#................. #.#.
#..§≈≈≈≈§§§≈≈≈.... .....
#..≈.....§...§.).. ...#.
#..§.≈≈≈§§§≈.§.... #.
#..§.≈.....≈.≈...... #
#..≈.§.≈≈§.≈.≈......
#..§.≈.≈w≈.≈.≈.....
##.≈.≈.≈.@.§.≈....
#.≈.≈.≈≈≈≈≈.§..## ####
#.§.§.§.....≈§.###.....
#§≈.≈≈≈≈≈≈≈§§§...... #.##
#.§........§§§#### #..#
#.≈§≈≈≈≈≈≈≈≈≈....######..
#......†......##..)......
#.####.#.....###########.
#..###.####.## ##


You could see Gastronok (swift).

Vanquished Creatures
  Maggie (D:7)
  Grinder (D:6)
  A hornet (D:7)
  Prince Ribbit (D:7)
  Sigmund (D:6)
  4 yaks (D:8)
  A wyvern (D:8)
  2 steam dragons
  Grum (D:8)
  4 water moccasins
  Duvessa (D:4)
  2 sky beasts (D:7)
  2 black bears
  2 ogres
  4 wolves (D:8)
  A phantom (D:5)
  A centaur (D:8)
  4 bullfrogs
  2 gnoll sergeants
  3 necrophages
  Dowan (D:4)
  5 water moccasin zombies (Ossuary)
  3 wights (D:8)
  A jelly (D:5)
  2 orc priests (D:6)
  A gnoll bouda (D:7)
  7 iguanas
  Natasha (D:3)
  2 mummies (Ossuary)
  Robin (D:3)
  5 adders
  12 gnolls
  2 white imps
  5 adder zombies (Ossuary)
  3 worms
  2 dart slugs
  6 orcs
  3 bats
  8 endoplasms
  4 giant cockroaches
  3 gnoll zombies (Ossuary)
  9 goblins
  8 hobgoblins
  2 jackals (D:5)
  13 kobolds
  3 quokkas
  6 ball pythons
  3 frilled lizards (D:1)
  6 hobgoblin zombies (Ossuary)
  4 kobold zombies (Ossuary)
  2 orc zombies (Ossuary)
  2 rats
174 creatures vanquished.

Vanquished Creatures (collateral kills)
  2 yaks (D:8)
  An ogre (D:5)
  An orc (D:5)
  A goblin (D:3)
  A hobgoblin (D:2)
  2 jackals (D:5)
  A quokka (D:4)
  A frilled lizard (D:1)
  A kobold (D:2)
11 creatures vanquished.

Grand Total: 185 creatures vanquished

Notes
Turn   | Place    | Note
-------+----------+-------------------------------------------
     0 | D:1      | NinjaNoafa the Demonspawn Necromancer began the quest for
                  | the Orb.
     0 | D:1      | Reached XP level 1. HP: 13/13 MP: 3/3
   506 | D:1      | Gained mutation: You are partially covered in sharp spines.
                  | [demonic ancestry]
   506 | D:1      | Reached XP level 2. HP: 19/19 MP: 1/5
  1120 | D:1      | Reached skill level 5 in Necromancy
  1120 | D:1      | Reached XP level 3. HP: 24/24 MP: 5/7
  1456 | D:2      | Found a sparkling altar of Nemelex Xobeh.
  1463 | D:2      | Became a worshipper of Nemelex Xobeh the Trickster
  2448 | D:3      | Noticed Robin
  2470 | D:3      | Reached XP level 4. HP: 13/30 MP: 6/8
  2506 | D:3      | Killed Robin
  2507 | D:3      | Reached skill level 1 in Invocations
  2767 | D:3      | Learned a level 3 spell: Vampiric Draining
  2862 | D:3      | Noticed Natasha
  2870 | D:3      | Killed Natasha
  2871 | D:3      | Gained mutation: You have a pair of small horns on your
                  | head. [demonic ancestry]
  2871 | D:3      | Reached XP level 5. HP: 27/35 MP: 2/9
  2982 | D:3      | Found a large runed translucent door.
  2983 | D:3      | Found a large runed translucent door.
  3017 | D:3      | Found a shimmering altar of Xom.
  3092 | D:3      | Noticed Natasha
  3286 | D:3      | Reached * piety under Nemelex Xobeh
  3309 | D:3      | Found a faded altar of an unknown god.
  3325 | D:4      | Noticed NinjaNoafa's ghost (amateur HOMo)
  3325 | D:4      | Found a runed translucent gate.
  3326 | D:4      | Found a runed translucent gate.
  3326 | D:4      | Found a runed translucent gate.
  3333 | D:4      | Noticed Duvessa
  3355 | D:4      | Killed Duvessa
  3363 | D:4      | Noticed Dowan
  3406 | D:4      | Killed Dowan
  3407 | D:4      | Gained mutation: Your demonic aura sometimes causes spilled
                  | blood to erupt in flames. [demonic ancestry]
  3407 | D:4      | Reached XP level 6. HP: 28/41 MP: 0/10
  3818 | D:4      | Received a gift from Nemelex Xobeh
  4040 | D:4      | Found Pauphyur's Distillery.
  4050 | D:4      | Bought a potion of might for 56 gold pieces
  4134 | D:5      | Entered Level 5 of the Dungeon
  4134 | D:5      | Found Techeije's Weapon Shop.
  4155 | D:5      | Found a transporter.
  4160 | D:5      | Noticed a water moccasin
  4167 | D:5      | Reached skill level 1 in Poison Magic
  4167 | D:5      | Reached skill level 1 in Evocations
  4174 | D:5      | Killed a water moccasin
  4175 | D:5      | Gained mutation: You are partially covered in molten
                  | scales. (AC +2) [demonic ancestry]
  4175 | D:5      | Reached XP level 7. HP: 41/46 MP: 3/11
  4320 | D:5      | Found a transporter.
  4327 | D:5      | Found a one-way gate to the infinite horrors of the Abyss.
  4327 | D:5      | Noticed GigaChad's ghost (amateur MiFi)
  4682 | D:5      | Reached ** piety under Nemelex Xobeh
  4926 | D:5      | Reached skill level 1 in Shields
  4990 | D:5      | Found Pivaez's Antique Armour Shoppe.
  5176 | D:5      | Found Vegun's Antique Weapon Boutique.
  5332 | D:5      | Noticed an ancient zyme
  5415 | D:6      | Noticed Sigmund
  5423 | D:6      | Killed Sigmund
  5424 | D:6      | Reached XP level 8. HP: 43/52 MP: 3/13
  5502 | D:6      | Noticed Grinder
  5506 | D:6      | Paralysed by Grinder for 2 turns
  5512 | D:6      | Paralysed by Grinder for 4 turns
  5523 | D:6      | Killed Grinder
  5748 | D:6      | Found a staircase to the Ecumenical Temple.
  5756 | Temple   | Entered the Ecumenical Temple
  5971 | D:6      | Found a shimmering altar of Xom.
  5972 | D:6      | Found a shimmering altar of Xom.
  5974 | D:6      | Found a shimmering altar of Xom.
  5974 | D:6      | Found a shimmering altar of Xom.
  5975 | D:6      | Found a shimmering altar of Xom.
  5976 | D:6      | Found a shimmering altar of Xom.
  5977 | D:6      | Found a shimmering altar of Xom.
  6013 | D:6      | Reached skill level 5 in Shields
  6926 | D:6      | Reached *** piety under Nemelex Xobeh
  7227 | D:7      | Gained mutation: You are mostly covered in sharp spines.
                  | [demonic ancestry]
  7227 | D:7      | Reached XP level 9. HP: 9/57 MP: 3/14
  7489 | D:7      | Noticed Maggie
  7527 | D:7      | Reached skill level 5 in Invocations
  7588 | D:7      | Reached skill level 1 in Armour
  7591 | D:7      | Received a gift from Nemelex Xobeh
  7607 | D:7      | Found a sand-covered staircase.
  7620 | Ossuary  | Entered an ossuary
  7985 | D:7      | Reached skill level 1 in Hexes
  8112 | D:7      | Killed Maggie
  8451 | D:7      | Noticed Prince Ribbit
  8458 | D:7      | Killed Prince Ribbit
  8509 | D:7      | Found an opulent altar of Gozag.
  8523 | D:7      | Found a radiant altar of Vehumet.
  8754 | D:7      | Received a gift from Nemelex Xobeh
  8957 | D:8      | Reached skill level 5 in Spellcasting
  8959 | D:8      | Noticed Grum
  8965 | D:8      | Gained mutation: You have a pair of horns on your head.
                  | [demonic ancestry]
  8965 | D:8      | Reached XP level 10. HP: 55/63 MP: 17/17
  8974 | D:8      | Killed Grum
  9135 | D:8      | Reached skill level 5 in Hexes
  9138 | D:8      | Found a hazy altar of Hepliaklqana.
  9436 | D:8      | Reached **** piety under Nemelex Xobeh
  9436 | D:8      | Received a gift from Nemelex Xobeh
  9481 | D:8      | Found Jeludec's General Store.
  9483 | D:8      | Noticed Gastronok
  9499 | D:8      | Reached skill level 1 in Fighting
  9499 | D:8      | Reached skill level 1 in Short Blades
  9648 | D:8      | Annihilated by Gastronok

Illustrated notes

Levels and vault maps discovered:
D:1:      lemuel_arrival_hallway, layout_basic
D:2:      layout_basic, basic_altar, minmay_bisected
D:3:      due_chaos_kobolds, layout_rooms, basic_ecumenical_altar, uniq_natasha,
          uniq_robin
D:4:      layout_cave_pools, gammafunk_ghost_split, serial_shops,
          nicolae_shop_trees, uniq_duvessa
D:5:      cheibrodos_quashed, layout_loops_ring, gammafunk_ghost_abyssal_escape,
          serial_shops, nicolae_stop_n_shop_1, kennysheep_little_box,
          nicolae_shop_trees
D:6:      layout_basic, xom_redecorated, minmay_temple_entry_drinking_statues,
          eino_curves_04, uniq_grinder, uniq_sigmund
D:7:      layout_basic, mainiacjoe_overflow_swirl, enter_bailey_2,
          chequers_ossuary_entry_cave, uniq_maggie, uniq_prince_ribbit1
D:8:      layout_rooms, mainiacjoe_overflow_catwalk, serial_shops,
          nicolae_inconvenience_store, uniq_gastronok, uniq_grum
Temple:   eino_narrow_crystal_temple

Skill      XL: |  1  2  3  4  5  6  7  8  9 10 |
---------------+-------------------------------+-----
Necromancy     | 5 6 7 |  7.4
Spellcasting   | 3 5 |  5.0
Invocations    | 1 2 4 7 |  7.0
Dodging        | 2 3 |  3.6
Stealth        | 2 3 |  3.0
Poison Magic   | 2 3 |  3.3
Evocations     | 2 3 4 |  4.0
Shields        | 3 7 |  7.0
Armour         | 3 |  3.6
Hexes          | 3 5 |  5.0
Fighting       | 2 |  2.0
Short Blades   | 1 |  1.8

Action                   |  1- 3 |  4- 6 |  7- 9 | 10-12 || total
-------------------------+-------+-------+-------+-------++-------
Melee: Short sword       |    11 |     3 |       |       ||    14
       Unarmed           |     2 |       |       |       ||     2
       Rapier            |       |    22 |   127 |    21 ||   170
       Headbutt          |       |     3 |    46 |     5 ||    54
       Staff             |       |     1 |    87 |       ||    88
Throw: Dart              |       |       |    11 |       ||    11
 Cast: Necrotise         |    83 |    59 |    58 |    15 ||   215
       Vampiric Draining |       |     3 |    19 |    10 ||    32
Invok: Draw Destruction  |       |       |     2 |     5 ||     7
       Draw Escape       |       |       |       |     1 ||     1
Evoke: Wand              |       |       |     4 |    11 ||    15
  Use: Potion            |     4 |     4 |     2 |     3 ||    13
       Scroll            |       |     6 |    11 |       ||    17
 Stab: Sleeping          |       |       |     3 |       ||     3
Armor: Robe              |     6 |     8 |    31 |       ||    45
       Skin              |       |     5 |       |       ||     5
       Steam dragon scal |       |       |     5 |     3 ||     8
Dodge: Dodged            |    38 |    31 |   145 |    19 ||   233
Block: Kite shield       |       |       |   139 |    31 ||   170
